 Dungeon Crawl Stone Soup version 0.31-a0-237-g2d982f9f85 (webtiles) character file.

Game seed: 4160550498513070454

35811 olmar the Thaumaturge (level 13, -2/103 HPs)
             Began as a Gnoll Warper on July 12, 2023.
             Was an Initiate of Gozag.
             Slain by a boulder beetle (7 damage)
             ... while petrified
             ... on level 3 of the Lair of Beasts.
             The game lasted 00:44:56 (20264 turns).

olmar the Thaumaturge (Gnoll Warper)               Turns: 20264, Time: 00:44:57

Health: -2/103     AC: 13    Str: 13    XL:     13   Next: 86%
Magic:  26/27      EV:  2    Int: 24    God:    Gozag
Gold:   2578       SH:  0    Dex: 11    Spells: 6/32 levels left

rFire   . . .        i - +7 lajatang of Order {silver, rMut}
rCold   . . .        (shield currently unavailable)
rNeg    + + +        y - +0 robe {Will+}
rPois   ∞            (no helmet)
rElec   .            G - +2 cloak {rCorr}
rCorr   +            U - +2 pair of gloves {hurl}
SInv    .            N - +2 pair of boots
Will    ++...        w - amulet of regeneration
Stlth   ++++         x - ring of willpower
HPRegen 1.17/turn    O - +6 ring of intelligence
MPRegen 0.20/turn

%: resist mutation
@: petrified, wereblooded
A: fangs 1, strong nose, distributed training, large bone plates 1, clever 1
a: Renounce Religion, Potion Petition, Call Merchant, Bribe Branch


You were on level 3 of the Lair of Beasts.
You worshipped Gozag.
Gozag was most pleased with you.
You visited 3 branches of the dungeon, and saw 17 of its levels.
You also visited: Bailey and Volcano.

You collected 4913 gold pieces.
You spent 1637 gold pieces at shops.
You paid 698 gold pieces to Gozag.

Inventory:

Hand Weapons
 i - the +7 lajatang of Order (weapon) {silver, rMut}
   (You acquired it on level 10 of the Dungeon)

   rMut:      It protects you from mutation.
 K - a +1 shortbow of flaming
Missiles
 a - 11 boomerangs
 d - 6 boomerangs of dispersal
 l - 14 poisoned darts
 z - 2 javelins (quivered)
Armour
 g - the +2 robe "Baeddulo" {Str-5 Int+5}
   (You found it on level 4 of the Dungeon)

   Str:       It affects your strength (-5).
   Int:       It affects your intelligence (+5).
 v - a +0 robe of fire resistance
 y - a +0 robe of willpower (worn)
 A - a +2 crystal plate armour
 G - a +2 cloak of preservation (worn)
 L - +0 acid dragon scales
 N - a +2 pair of boots (worn)
 U - a +2 pair of gloves of hurling (worn)
 V - a scarf of shadows
 W - a +2 robe of cold resistance
Magical Staves
 H - a staff of air
 X - a staff of cold
Jewellery
 e - an amulet of the acrobat
 f - a ring of resist corrosion
 j - a ring of flight
 w - an amulet of regeneration (around neck)
 x - a ring of willpower (left hand)
 E - a ring of wizardry
 O - a +6 ring of intelligence (right hand)
 R - a +6 ring of dexterity
Wands
 t - a wand of acid (1)
 T - a wand of polymorph (1)
 Z - a wand of digging (8)
Scrolls
 c - 2 scrolls of blinking
 m - a scroll of poison
 o - a scroll of enchant armour
 p - 3 scrolls of vulnerability
 q - 4 scrolls of immolation
 s - a scroll of enchant weapon
 P - a scroll of amnesia
 S - a scroll of fog
 Y - a scroll of teleportation
Potions
 b - 2 potions of might
 h - 2 potions of magic {unknown}
 k - a potion of enlightenment
 n - 7 potions of curing
 r - a potion of attraction {unknown}
 u - 2 potions of degeneration
 B - 5 potions of haste
 C - 2 potions of ambrosia
 D - 2 potions of heal wounds
 F - a potion of resistance
 I - 2 potions of mutation
 J - 3 potions of brilliance
 M - a potion of cancellation {unknown}
 Q - 2 potions of invisibility


   Skills:
 + Level 10.1 Fighting
 + Level 9.0 Short Blades
 + Level 9.0 Long Blades
 + Level 9.0 Axes
 + Level 10.1 Maces & Flails
 + Level 9.0 Polearms
 + Level 9.0 Staves
 + Level 9.0 Ranged Weapons
 + Level 9.4 Throwing
 + Level 9.4 Armour
 + Level 10.1 Dodging
 + Level 9.0 Stealth
 + Level 9.0 Shields
 + Level 9.0 Unarmed Combat
 + Level 10.3 Spellcasting
 + Level 7.5 Conjurations
 + Level 7.5 Hexes
 + Level 7.5 Summonings
 + Level 7.5 Necromancy
 + Level 9.3 Translocations
 + Level 7.5 Transmutations
 + Level 7.5 Fire Magic
 + Level 7.5 Ice Magic
 + Level 7.5 Air Magic
 + Level 7.5 Earth Magic
 + Level 7.5 Poison Magic
 + Level 9.8 Invocations
 + Level 9.0 Evocations


You had 6 spell levels left.
You knew the following spells:

 Your Spells              Type           Power      Damage    Failure   Level
a - Blink                 Tloc           100%       N/A       1%          2
b - Manifold Assault      Tloc           55%        N/A       1%          4
c - Teleport Other        Tloc           55%        N/A       1%          3
d - Scorch                Fire           96%        2d9       1%          2
e - Wereblood             Tmut           48%        N/A       1%          2
f - Call Canine Familiar  Summ           48%        N/A       1%          3
g - Flame Wave            Conj/Fire      48%        2d12      2%          4
h - Spider Form           Tmut/Pois      48%        N/A       1%          3
i - Portal Projectile     Hex/Tloc       100%       N/A       1%          3

Your spell library contained the following spells:

 Spells                   Type           Power      Damage    Failure   Level
 Beastly Appendage        Tmut           96%        N/A       1%          1
 Lesser Beckoning         Tloc           100%       N/A       1%          2
 Sublimation of Blood     Necr           48%        N/A       1%          2
 Ignite Poison            Fire/Tmut/Pois 48%        N/A       1%          3
 Vhi's Electric Charge    Tloc/Air       100%       N/A       1%          3
 Leda's Liquefaction      Hex/Erth       24%        N/A       2%          4
 Petrify                  Tmut/Erth      48%        N/A       2%          4
 Sticky Flame             Conj/Fire      48%        2d7       2%          4
 Irradiate                Conj/Tmut      24%        3d19      6%          5
 Summon Cactus Giant      Summ           24%        N/A       34%         6
 Ignition                 Fire           24%        3d8       100%        8


Dungeon Overview and Level Annotations

Branches:
Dungeon (12/15)            Temple (1/1) D:5            Lair (4/5) D:11
    Orc (0/2) D:11         Bailey (visited)         Volcano (visited)
  Swamp: Lair:2-3    Shoals: Lair:2-3     Snake: Lair:2-3    Spider: Lair:2-3
  Slime: Lair:4-5

Altars:
Ashenzari
Cheibriados
Dithmenos
Elyvilon
Fedhas
Gozag
Hepliaklqana
Kikubaaqudgha
Makhleb
Nemelex Xobeh
Okawaru
Qazlal
Ru
Sif Muna
Trog
Uskayaw
Vehumet
Wu Jian
Xom
Yredelemnul
Zin
The Shining One

Shops:
D:10 !   D:11 *   Lair:1 [

Annotations:
D:12 Rupert


Innate Abilities, Weirdness & Mutations

You have very sharp teeth.
Your uncanny sense of smell can sniff out nearby items.
Your experience applies equally to all skills.
You are partially covered in large bone plates. (SH +4)
Your mind is acute. (Int +4, Str/Dex -1)


Message History

The black mamba barely misses you.
A dream sheep comes into view.
The boulder beetle bites you but does no damage.
The dream sheep bites you but does no damage.
You hear a bellow!
You hear a roar!
The black mamba bites you but does no damage.
The skyshark bites you but does no damage.
The skyshark tail-slaps you! The skyshark tail-slaps you.
The black mamba bites you but does no damage.
The dream sheep bites you!
The boulder beetle is distracted by your dazzling golden aura.
You hear a bleat!
You hear an angry hiss.
The black mamba bites you! The skyshark bites you!
* * * LOW HITPOINT WARNING * * *
The skyshark tail-slaps you.
* * * LOW HITPOINT WARNING * * *
The skyshark tail-slaps you.
* * * LOW HITPOINT WARNING * * *
A dream sheep comes into view.
The dream sheep bites you!
* * * LOW HITPOINT WARNING * * *
You hear a croak.
The hornet is no longer distracted by gold.
The boulder beetle is no longer distracted by gold.
The black mamba bites you but does no damage.
The hornet stings you but does no damage.
The black mamba bites you.
* * * LOW HITPOINT WARNING * * *
The skyshark bites you.
* * * LOW HITPOINT WARNING * * *
The skyshark tail-slaps you!
* * * LOW HITPOINT WARNING * * *
The skyshark tail-slaps you.
* * * LOW HITPOINT WARNING * * *
The dream sheep bites you.
* * * LOW HITPOINT WARNING * * *
The boulder beetle bites you!
You die...
Your body crumbles into a pile of gold.

.♣.♣....'.........'...........##.
♣.♣.♣♣♣.###########.♣♣♣...♣#.....
.♣.♣.#♣♣...........♣♣ ♣♣#.....
###### #####♣h♣###### ... ≈~
♣.♣~~≈≈≈♣# #. ~~~♣$♣~~~≈≈≈# #
~~.....~~~≈≈# .#### ∆
~...~.l.S~≈≈# ##.#.# $
~~~...~≈~S@.~~~# #..... ∆
~...~≈~≈yBY.~~# .....
#♣♣....###..Y.♣♣# $ #.... .....#|
=#....Y $ ∆∆##....
#♣♣...P###....♣♣# $$ #....P $
#~~...l≈~≈~...~~ #..... $
#~~~...~≈S...~~~ #....# ∆
#≈≈~~...~...~~≈≈# #...YY
#≈≈~~~.....~~~≈≈ #.....


You could see a boulder beetle, a skyshark (strong), a black mamba, a hornet, 3
dream sheep and an electric eel.

Vanquished Creatures
  Snorg (D:10)
  Fannar (Lair:1)
  2 hydras (Lair:3)
  A boulder beetle (D:10)
  A centaur warrior (Volcano)
  2 catoblepae
  4 two-headed ogres
  3 death yaks
  A hell knight (Volcano)
  2 skeletal warriors (D:11)
  An obsidian statue (D:9)
  A lindwurm (Lair:3)
  2 orc knights (Bailey)
  An ugly thing (D:11)
  2 cyclopes (D:11)
  Joseph (D:10)
  4 black mambas (Lair:3)
  11 elephants (Lair:3)
  3 cane toads
  Maggie (D:8)
  3 komodo dragons (Lair:3)
  2 rime drakes
  A yaktaur (Volcano)
  3 trolls
  2 polar bears
  Grinder (D:3)
  26 yaks
  5 wyverns
  A wraith (D:11)
  A basilisk (D:11)
  Menkaure (D:7)
  8 water moccasins
  2 acid dragons
  5 orc warriors
  A sky beast (D:6)
  3 black bears
  4 wolves
  5 ogres
  8 centaurs
  A phantom (D:5)
  2 kobold brigands
  11 bullfrogs
  3 scorpions (D:5)
  4 wights
  10 killer bees
  A howler monkey (D:10)
  3 hounds
  A jelly (D:6)
  9 orc priests
  2 sleepcaps
  Jessica (D:2)
  3 iguanas
  12 orc wizards
  2 gnolls (D:3)
  11 adders
  A shadow imp (D:8)
  3 white imps (D:7)
  An ufetubus (D:5)
  3 worms
  3 dart slugs
  69 orcs
  7 ball pythons
  2 endoplasms
  A giant cockroach (D:3)
  7 hobgoblins
  15 kobolds
  5 quokkas
  7 bats
  4 frilled lizards
  11 goblins
  2 rats (D:2)
344 creatures vanquished.

Vanquished Creatures (collateral kills)
  A death yak (Lair:1)
  A skeletal warrior (D:11)
  Lodul (D:10)
  An unseen horror (D:11)
  An orc warrior (Bailey)
  2 ogres (D:10)
  2 wights (D:7)
  A killer bee (D:8)
  An orc (D:7)
11 creatures vanquished.

Vanquished Creatures (others)
  A yaktaur (Volcano)
  A hornet (D:9)
  2 wights (D:7)
  An orc wizard (D:9)
5 creatures vanquished.

Grand Total: 360 creatures vanquished

Notes
Turn   | Place    | Note
-------+----------+-------------------------------------------
     0 | D:1      | olmar the Gnoll Warper began the quest for the Orb.
     0 | D:1      | Reached XP level 1. HP: 20/20 MP: 6/6
   138 | D:1      | Reached XP level 2. HP: 26/26 MP: 7/7
   295 | D:1      | Identified 3 scrolls of acquirement
   295 | D:1      | Acquired 1057 gold pieces
   528 | D:1      | Learned a level 2 spell: Blink
   626 | D:2      | Noticed Jessica
   810 | D:2      | Reached skill level 5 in Spellcasting
   810 | D:2      | Reached XP level 3. HP: 31/31 MP: 7/9
   860 | D:1      | Gained mutation: You are partially covered in large bone
                  | plates. (SH +4) [potion of mutation]
   860 | D:1      | Gained mutation: Your mind is acute. (Int +4, Str/Dex -1)
                  | [potion of mutation]
   867 | D:1      | Reached skill level 1 in Invocations
  1182 | D:2      | Reached skill level 1 in Short Blades
  1182 | D:2      | Reached skill level 1 in Long Blades
  1182 | D:2      | Reached skill level 1 in Axes
  1182 | D:2      | Reached skill level 1 in Polearms
  1182 | D:2      | Reached skill level 1 in Staves
  1182 | D:2      | Reached skill level 1 in Ranged Weapons
  1182 | D:2      | Reached skill level 1 in Stealth
  1182 | D:2      | Reached skill level 1 in Shields
  1182 | D:2      | Reached skill level 1 in Unarmed Combat
  1182 | D:2      | Reached skill level 1 in Evocations
  1254 | D:2      | Reached XP level 4. HP: 38/38 MP: 11/11
  1265 | D:2      | Killed Jessica
  1266 | D:2      | Reached skill level 1 in Conjurations
  1266 | D:2      | Reached skill level 1 in Hexes
  1266 | D:2      | Reached skill level 1 in Summonings
  1266 | D:2      | Reached skill level 1 in Necromancy
  1266 | D:2      | Reached skill level 1 in Transmutations
  1266 | D:2      | Reached skill level 1 in Fire Magic
  1266 | D:2      | Reached skill level 1 in Ice Magic
  1266 | D:2      | Reached skill level 1 in Air Magic
  1266 | D:2      | Reached skill level 1 in Earth Magic
  1266 | D:2      | Reached skill level 1 in Poison Magic
  1735 | D:3      | Noticed Grinder
  1752 | D:3      | Killed Grinder
  1753 | D:3      | Reached skill level 5 in Fighting
  1753 | D:3      | Reached skill level 5 in Maces & Flails
  1753 | D:3      | Reached skill level 5 in Dodging
  1753 | D:3      | Reached XP level 5. HP: 44/44 MP: 12/12
  1753 | D:3      | Reached XP level 6. HP: 51/51 MP: 14/14
  2427 | D:3      | Found a hide-covered altar of Uskayaw.
  2441 | D:3      | Learned a level 4 spell: Manifold Assault
  2445 | D:3      | Learned a level 3 spell: Teleport Other
  2877 | D:4      | Reached XP level 7. HP: 56/56 MP: 15/15
  3014 | D:4      | Found an ancient bone altar of Kikubaaqudgha.
  3770 | D:4      | Identified the +2 robe "Baeddulo" {Str-5 Int+5}
  3834 | D:5      | Entered Level 5 of the Dungeon
  4400 | D:5      | Found a shimmering altar of Xom.
  4415 | D:5      | Found a staircase to the Ecumenical Temple.
  4438 | D:5      | Reached XP level 8. HP: 63/63 MP: 16/16
  4441 | Temple   | Entered the Ecumenical Temple
  4594 | Temple   | Became a worshipper of Gozag Ym Sagoz the Greedy
  4817 | D:5      | Learned a level 2 spell: Scorch
  4965 | D:5      | Found a blossoming altar of Fedhas.
  5375 | D:6      | Found a white marble altar of Elyvilon.
  5519 | D:6      | Learned a level 2 spell: Wereblood
  5523 | D:6      | Learned a level 3 spell: Call Canine Familiar
  6025 | D:7      | Acquired an amulet of regeneration
  6096 | D:7      | Found a snail-covered altar of Cheibriados.
  6251 | D:7      | Reached XP level 9. HP: 67/69 MP: 18/18
  6367 | D:7      | Found a flagged portal.
  6368 | D:7      | Noticed Menkaure
  6391 | D:7      | Killed Menkaure
  6401 | Bailey   | Entered a bailey
  6420 | Bailey   | Reached skill level 5 in Throwing
  6420 | Bailey   | Reached skill level 5 in Armour
  6843 | Bailey   | Noticed an orc knight
  6931 | Bailey   | Noticed an orc knight
  6982 | Bailey   | Killed an orc knight
  6983 | Bailey   | Reached skill level 5 in Invocations
  7176 | Bailey   | Killed an orc knight
  8025 | D:7      | Reached skill level 5 in Short Blades
  8025 | D:7      | Reached skill level 5 in Long Blades
  8025 | D:7      | Reached skill level 5 in Axes
  8025 | D:7      | Reached skill level 5 in Polearms
  8025 | D:7      | Reached skill level 5 in Staves
  8025 | D:7      | Reached skill level 5 in Ranged Weapons
  8025 | D:7      | Reached skill level 5 in Stealth
  8025 | D:7      | Reached skill level 5 in Shields
  8025 | D:7      | Reached skill level 5 in Unarmed Combat
  8025 | D:7      | Reached skill level 5 in Evocations
  8025 | D:7      | Reached XP level 10. HP: 67/74 MP: 15/20
  8810 | D:8      | Noticed Maggie
  8852 | D:8      | Learned a level 4 spell: Flame Wave
  8856 | D:8      | Learned a level 3 spell: Spider Form
  9111 | D:8      | Killed Maggie
  9283 | D:9      | Noticed an obsidian statue
 10464 | D:9      | Noticed a two-headed ogre
 10502 | D:9      | Killed a two-headed ogre
 10540 | D:9      | Reached skill level 5 in Conjurations
 10540 | D:9      | Reached skill level 5 in Hexes
 10540 | D:9      | Reached skill level 5 in Summonings
 10540 | D:9      | Reached skill level 5 in Necromancy
 10540 | D:9      | Reached skill level 5 in Transmutations
 10540 | D:9      | Reached skill level 5 in Fire Magic
 10540 | D:9      | Reached skill level 5 in Ice Magic
 10540 | D:9      | Reached skill level 5 in Air Magic
 10540 | D:9      | Reached skill level 5 in Earth Magic
 10540 | D:9      | Reached skill level 5 in Poison Magic
 10540 | D:9      | Reached XP level 11. HP: 82/85 MP: 11/22
 11238 | D:10     | Entered Level 10 of the Dungeon
 11271 | D:10     | Found an ornate altar of the Wu Jian Council.
 11378 | D:10     | Found an iron altar of Okawaru.
 11544 | D:10     | Noticed Lodul
 11576 | D:10     | Killed Lodul
 11943 | D:10     | Noticed a two-headed ogre
 11965 | D:10     | Killed a two-headed ogre
 12161 | D:10     | Noticed Snorg
 12232 | D:10     | Acquired the +7 lajatang of Order {silver, rMut}
 12232 | D:10     | Found the +7 lajatang of Order {silver, rMut}
 12793 | D:10     | Found a stormy altar of Qazlal.
 12793 | D:10     | Noticed Joseph
 12793 | D:10     | Noticed a two-headed ogre
 12800 | D:10     | Learned a level 3 spell: Portal Projectile
 12808 | D:10     | Killed Joseph
 12848 | D:10     | Killed a two-headed ogre
 13078 | D:10     | Found Ismypen's Distillery.
 13086 | D:10     | Bought a potion of enlightenment for 60 gold pieces
 13086 | D:10     | Bought a potion of curing for 36 gold pieces
 13086 | D:10     | Bought a potion of curing for 36 gold pieces
 13262 | D:11     | Noticed a cyclops
 13282 | D:11     | Killed a cyclops
 13428 | D:11     | Found Icatt's General Store.
 13433 | D:11     | Bought a wand of acid (6) for 453 gold pieces
 13433 | D:11     | Bought a potion of curing for 54 gold pieces
 13433 | D:11     | Bought a potion of heal wounds for 90 gold pieces
 13433 | D:11     | Bought a potion of mutation for 144 gold pieces
 13590 | D:11     | Noticed a skeletal warrior
 13704 | D:11     | Noticed a skeletal warrior
 13709 | D:11     | Noticed a skeletal warrior
 13725 | D:11     | Noticed a two-headed ogre
 13727 | D:11     | Reached XP level 12. HP: 48/94 MP: 15/24
 13833 | D:11     | Found a staircase to the Lair.
 13843 | D:11     | Noticed a boulder beetle
 14036 | D:10     | Killed Snorg
 14172 | D:10     | Killed a boulder beetle
 14351 | D:11     | Killed a two-headed ogre
 15737 | D:11     | Found a staircase to the Orcish Mines.
 16017 | D:10     | Bought a potion of haste for 120 gold pieces
 16017 | D:10     | Bought a potion of invisibility for 96 gold pieces
 16017 | D:10     | Bought a potion of ambrosia for 96 gold pieces
 16017 | D:10     | Bought a potion of ambrosia for 96 gold pieces
 16177 | D:12     | Noticed Rupert
 16438 | Lair:1   | Entered Level 1 of the Lair of Beasts
 16628 | Lair:1   | Noticed Fannar
 17050 | Lair:1   | Bought a pair of glowing gloves for 172 gold pieces
 17050 | Lair:1   | Bought a runed scarf for 184 gold pieces
 17214 | Lair:1   | Killed Fannar
 17332 | Lair:1   | Noticed a death yak
 17335 | Lair:1   | Noticed a death yak
 17337 | Lair:1   | Noticed a death yak
 17518 | Lair:1   | Killed a death yak
 17568 | Lair:1   | Killed a death yak
 17646 | Lair:1   | Killed a death yak
 17860 | Lair:1   | Reached XP level 13. HP: 83/101 MP: 23/26
 18935 | Lair:2   | You fall into a shaft and drop 2 floors!
 19188 | Lair:3   | Found a dark tunnel.
 19223 | Volcano  | Entered a volcano
 19242 | Volcano  | Found a burning altar of Makhleb.
 19580 | Lair:3   | Reached skill level 10 in Spellcasting
 19953 | Lair:3   | Reached skill level 10 in Fighting
 19953 | Lair:3   | Reached skill level 10 in Maces & Flails
 19953 | Lair:3   | Reached skill level 10 in Dodging
 20264 | Lair:3   | HP: 5/103 [dream sheep (2)]
 20264 | Lair:3   | Slain by a boulder beetle

Illustrated notes

Levels and vault maps discovered:
D:1:      lemuel_arrival_tunnels, layout_basic, serial_park_tiny_2,
          dreamdust_mushroom_princess
D:2:      layout_rooms, uniq_jessica
D:3:      layout_basic, nicolae_uskayaw_murder_on_the_dancefloor, uniq_grinder
D:4:      layout_basic, mainiacjoe_overflow_concentric_impassable
D:5:      layout_basic, fedhas_ov_isle_minmay, overflow_temple_1_default,
          minmay_temple_entry_proselytizer, minmay_starry_boxes
D:6:      layout_loops_ring, lemuel_doored_altar, hangedman_decor_opposing
D:7:      layout_basic, kennysheep_slug_shrine, enter_bailey_5,
          hangedman_decor_lopped, uniq_menkaure
D:8:      layout_loops_cross, uniq_maggie
D:9:      layout_loops_ring, minmay_misc_feat_chi, minmay_statue_bubble
D:10:     layout_grid_maze, mainiacjoe_overflow_brackets,
          nzn_wu_jian_council_hall, lemuel_round_altar, serial_shops,
          nicolae_shop_statue_plus, uniq_joseph, uniq_lodul, uniq_snorg
D:11:     layout_rooms, minmay_lair_entry_grove, david_orc_5, serial_shops,
          nicolae_shop_rolling_square, st_stairs_5
D:12:     minmay_statue_hallways, layout_loops_corners, serial_rivers,
          chequers_serial_rivers_large_a, chequers_serial_rivers_micro_d,
          chequers_serial_rivers_micro_e, chequers_serial_rivers_large_b,
          chequers_serial_rivers_micro_c, dreamdust_wasp_nest, uniq_rupert,
          uniq_gastronok
Temple:   hellmonk_temple_forest_ring
Lair:1:   layout_loops_ring, grunt_forest_small_clearings, grunt_megastairs_1,
          uniq_fannar
Lair:2:   statuecave_lemuel, layout_cave_pods, elwin_shoals_entry_rocks,
          nicolae_quartered_pool_super, serial_bayou_shore_b, lemuel_fruit_tree,
          grunt_megastairs_3
Lair:3:   nzn_winding_woodlands_large [nzn_winding_woodlands_hourglass,
          nzn_winding_woodlands_5x15_jagged, nzn_winding_woodlands_5x5_three,
          nzn_winding_woodlands_center_pierced_h,
          nzn_winding_woodlands_15x15_eel_pit,
          nzn_winding_woodlands_center_garden,
          nzn_winding_woodlands_5x5_default,
          nzn_winding_woodlands_5x15_longhouse,
          nzn_winding_woodlands_5x5_checkerboard], layout_layer_cave,
          guppyfry_snake_entry_garden, nicolae_volcano_entry_two_sided,
          hangedman_tree_tricks, pdpol_lair_cabin_in_the_woods
Lair:4:   layout_small_grid, forest_entry_grove, infiniplex_staircase_pool_2,
          uniq_kirke

Skill      XL: |  1  2  3  4  5  6  7  8  9 10 11 12 13 |
---------------+----------------------------------------+-----
Spellcasting   | 5 6 7 8 9 10 | 10.3
Invocations    | 1 2 3 4 5 6 7 8 9 |  9.8
Short Blades   | 1 2 3 5 6 7 8 9 |  9.0
Long Blades    | 1 2 3 5 6 7 8 9 |  9.0
Axes           | 1 2 3 5 6 7 8 9 |  9.0
Polearms       | 1 2 3 5 6 7 8 9 |  9.0
Staves         | 1 2 3 5 6 7 8 9 |  9.0
Ranged Weapons | 1 2 3 5 6 7 8 9 |  9.0
Stealth        | 1 2 3 5 6 7 8 9 |  9.0
Shields        | 1 2 3 5 6 7 8 9 |  9.0
Unarmed Combat | 1 2 3 5 6 7 8 9 |  9.0
Evocations     | 1 2 3 5 6 7 8 9 |  9.0
Conjurations   | 1 2 3 4 5 6 7 |  7.5
Hexes          | 1 2 3 4 5 6 7 |  7.5
Summonings     | 1 2 3 4 5 6 7 |  7.5
Necromancy     | 1 2 3 4 5 6 7 |  7.5
Transmutations | 1 2 3 4 5 6 7 |  7.5
Fire Magic     | 1 2 3 4 5 6 7 |  7.5
Ice Magic      | 1 2 3 4 5 6 7 |  7.5
Air Magic      | 1 2 3 4 5 6 7 |  7.5
Earth Magic    | 1 2 3 4 5 6 7 |  7.5
Poison Magic   | 1 2 3 4 5 6 7 |  7.5
Fighting       | 5 6 7 8 9 10 | 10.1
Maces & Flails | 5 6 7 8 9 10 | 10.1
Throwing       | 3 4 5 6 7 8 9 |  9.4
Armour         | 3 4 5 6 7 8 9 |  9.4
Dodging        | 5 6 7 8 9 10 | 10.1
Translocations | 6 7 8 9 |  9.3

Action                     |  1- 3 |  4- 6 |  7- 9 | 10-12 | 13-15 || total
---------------------------+-------+-------+-------+-------+-------++-------
  Melee: Mace              |   115 |   146 |   516 |   212 |       ||   989
         Punch             |     3 |     2 |    15 |    11 |       ||    31
         Bite              |     8 |    13 |    58 |    46 |    29 ||   154
         Unarmed           |       |     6 |       |    14 |       ||    20
         Dagger            |       |       |       |     5 |       ||     5
         Lajatang          |       |       |       |   161 |   203 ||   364
   Fire: Shortbow          |       |       |       |       |    14 ||    14
  Throw: Boomerang         |     1 |       |    42 |    29 |     6 ||    78
         Dart              |       |     5 |    29 |   114 |    21 ||   169
         Javelin           |       |       |     6 |    17 |     5 ||    28
   Cast: Blink             |     2 |       |     2 |    22 |     8 ||    34
         Teleport Other    |       |     3 |       |       |       ||     3
         Manifold Assault  |       |       |     7 |     5 |       ||    12
         Scorch            |       |       |    29 |    76 |    14 ||   119
         Call Canine Famil |       |       |     5 |    22 |    15 ||    42
         Wereblood         |       |       |     5 |     4 |     4 ||    13
         Flame Wave        |       |       |       |    21 |       ||    21
         Spider Form       |       |       |       |     1 |       ||     1
 Invoke: Call Merchant     |       |       |       |     1 |       ||     1
  Evoke: Wand              |       |       |     5 |     7 |     4 ||    16
    Use: Scroll            |     2 |     5 |     9 |    10 |     2 ||    28
         Potion            |     2 |     1 |     2 |       |     6 ||    11
   Stab: Sleeping          |     1 |     2 |     4 |     4 |     3 ||    14
         Invisible         |       |       |     1 |       |       ||     1
         Distracted        |       |       |       |     2 |     5 ||     7
 Armour: Leather armour    |    39 |    34 |   209 |    27 |       ||   309
         Skin              |     6 |     6 |       |       |       ||    12
         Robe              |       |       |       |    97 |    88 ||   185
  Dodge: Dodged            |   106 |    75 |   347 |   274 |   148 ||   950
  Block: Other             |     5 |    32 |    99 |    81 |    38 ||   255

Table legend: (Time is in decaauts)
 A = Elapsed time spent in this place.
 B = Non-inter-level travel time spent in this place.
 C = Inter-level travel time spent in this place.
 D = Time resting spent in this place.
 E = Time spent auto-exploring this place.
 F = Levels seen in this place.
 G = Mean time per level.
                   A        B        C        D        E       F      G
               +--------+--------+--------+--------+--------+-----+--------+
         Total |  20352 |  19583 |    769 |   6754 |   7948 |  19 | 1071.2 |
       Dungeon |  15243 |  14556 |    687 |   4757 |   6339 |  12 | 1270.2 |
        Temple |    168 |    140 |     28 |      0 |    124 |   1 |  168.0 |
          Lair |   3463 |   3410 |     53 |   1351 |   1208 |   4 |  865.8 |
        Bailey |   1127 |   1127 |      0 |    562 |    226 |   1 | 1127.0 |
       Volcano |    348 |    348 |      0 |     84 |     50 |   1 |  348.0 |
               +--------+--------+--------+--------+--------+-----+--------+

Top non-repeatable levels by time:
    D:10: 2650 daAuts
    D:11: 2212 daAuts
  Lair:1: 2096 daAuts
     D:9: 1569 daAuts
     D:8: 1365 daAuts
     D:5: 1190 daAuts
     D:3: 1146 daAuts
  Bailey: 1127 daAuts
     D:4: 1054 daAuts
     D:6: 1035 daAuts
     D:7: 996 daAuts
     D:1: 989 daAuts
  Lair:3: 963 daAuts
     D:2: 775 daAuts
  Lair:2: 396 daAuts
